 Dungeon Crawl Stone Soup version 0.30-a0-121-gb27577e5d9 (webtiles) character file.

Game seed: 17830271985433101766

404 ragingrage the Sneak (level 7, -16/40 HPs)
             Began as a Kobold Brigand on Sept 14, 2022.
             Was an Initiate of Wu Jian.
             Shot with a bolt by an orc warrior (21 damage)
             ... on level 6 of the Dungeon.
             The game lasted 00:03:30 (4312 turns).

ragingrage the Sneak (Kobold Brigand)               Turns: 4312, Time: 00:03:30

Health: -16/40     AC:  6    Str:  8    XL:     7   Next: 12%
Magic:  7/7        EV: 14    Int: 13    God:    Wu Jian [......]
Gold:   127        SH:  0    Dex: 18    Spells: 6/6 levels left

rFire   . . .      SeeInvis .    C - +1 dagger (elec)
rCold   . . .      Faith    +    (no shield)
rNeg    + . .      Spirit   .    b - +0 robe
rPois   .          Reflect  .    (no helmet)
rElec   .          Harm     .    c - +0 cloak
rCorr   .          Rampage  .    (no gloves)
Will    .....                    v - +2 pair of boots
Stlth   +++++.....               E - amulet of faith
HPRegen 0.13/turn                j - ring of positive energy
MPRegen 0.10/turn                (no ring)

@: no status effects
A: small, no large weapons, nightstalker 3
a: Renounce Religion


You were on level 6 of the Dungeon.
You worshipped Wu Jian.
Wu Jian was noncommittal.
You visited 2 branches of the dungeon, and saw 5 of its levels.

You collected 127 gold pieces.

Inventory:

Hand Weapons
 a - a +2 dagger
 C - a +1 dagger of electrocution (weapon)
Missiles
 d - 9 poisoned darts (quivered)
 e - 2 curare-tipped darts
 n - a throwing net
 p - 5 boomerangs
Armour
 b - a +0 robe (worn)
 c - a +0 cloak (worn)
 v - a +2 pair of boots (worn)
Jewellery
 g - a ring of fire
 j - a ring of positive energy (left hand)
 E - an amulet of faith (around neck)
Wands
 r - a wand of flame (19)
 x - a wand of mindburst (3)
Scrolls
 f - 2 scrolls of enchant weapon {unknown}
 h - 2 scrolls of blinking {unknown}
 m - a scroll of noise {unknown}
 q - a scroll of immolation {unknown}
 t - a scroll of poison {unknown}
 u - a scroll of fear {unknown}
 w - 4 scrolls of identify {unknown}
 y - a scroll of enchant armour {unknown}
 A - 2 scrolls of vulnerability {unknown}
 B - a scroll of teleportation {unknown}
Potions
 i - 2 potions of magic {unknown}
 k - 2 potions of flight {unknown}
 l - 8 potions of curing {unknown}
 o - 3 potions of haste {unknown}
 s - a potion of brilliance {unknown}
 z - a potion of heal wounds
 D - a potion of degeneration {unknown}


   Skills:
 - Level 2.1 Fighting
 + Level 5.7 Short Blades
 + Level 4.8 Throwing
 - Level 1.2 Dodging
 + Level 7.8 Stealth


You had 6 spell levels left.
You didn't know any spells.
Your spell library contained the following spells:

 Spells                   Type           Power      Damage    Failure   Level
 Sublimation of Blood     Necr           0%         N/A       43%         2
 Petrify                  Tmut/Erth      0%         N/A       97%         4
 Irradiate                Conj/Tmut      0%         3d11      100%        5


Dungeon Overview and Level Annotations

Branches:
Dungeon (6/15)             Temple (1/1) D:6

Altars:
Ashenzari
Elyvilon
Ru
Vehumet
Wu Jian
Zin

Shops:
D:3 [

Annotations:
Temple 2 transporters


Innate Abilities, Weirdness & Mutations

You are small and have problems with some larger weapons.
You are completely attuned to the shadows.


Message History

A gnoll is nearby!
A gnoll is nearby!
A gnoll is nearby!
The gnoll shouts!
You hit the gnoll.
The gnoll is lightly wounded.
The gnoll hits you with a +0 spear!
You barely miss the gnoll.
The gnoll is lightly wounded.
The gnoll closely misses you.
You hit the gnoll. Lightning courses through the gnoll!
You kill the gnoll!
The Council accepts your kill.
No target in view!
No target in view!
No target in view!
No target in view!
No target in view!
Found a stone staircase leading up.
A bullfrog comes into view.
The bullfrog moves out of view.
An adder comes into view.
An orc warrior comes into view.
It is wielding a +1 long sword of protection.
The orc warrior shouts!
You hear an angry hiss. x2; The adder hisses angrily.
The orc warrior unwields a +1 long sword of protection.
The orc warrior wields a +0 arbalest.
The orc warrior shoots a bolt.
The bolt misses you.
You hear a shout!
The adder attacks as you move away! The adder closely misses you.
The orc warrior shoots a bolt.
The bolt misses you.
You hear a loud, deep croak!
You hear an angry hiss.
The orc warrior shoots a bolt.
The bolt hits you! The adder misses you.
You hear an angry hiss. x2
The orc warrior shoots a bolt.
The bolt hits you!!
Ouch! That really hurt!
* * * LOW HITPOINT WARNING * * *
An orc comes into view. It is wielding a +0 dagger.
The orc warrior shoots a bolt.
The bolt hits you!!
Ouch! That really hurt!
You die...

######....####..#####
#.# #.....## #......#
#.# #.#.#.# #.####.#
#.# ##.#.#.# #.# #)#
#.# ##..#.#.# #.# #.#
#.# ###..##>#.# #.#
#.# #.# ........#.#
#.# #.#########.#
..####....# ##.##
#...)..).)..# ### .#.
<#.#@###############
# . .oo..S.# #.#.#.##
.......# #.#.#.##
.......# #.#.#.#..
......### #.#.#.#..


You could see an orc warrior, an adder and an orc.

Vanquished Creatures
  A centaur skeleton (D:3)
  A gnoll bouda (D:6)
  Ijyb (D:3)
  Terence (D:2)
  Natasha (thrice) (D:2)
  A hound skeleton (D:3)
  Robin (D:2)
  4 gnolls (D:6)
  7 adders
  An adder zombie (D:3)
  3 worms (D:2)
  5 dart slugs
  5 bats
  3 endoplasms
  A giant cockroach (D:1)
  14 goblins
  6 hobgoblins (D:2)
  3 jackals (D:2)
  4 kobolds (D:2)
  2 quokkas
  7 ball pythons
  3 frilled lizards
  6 rats
83 creatures vanquished.

Vanquished Creatures (others)
  2 fungi (D:2)
  3 plants (D:2)
  4 toadstools (D:1)
  A withered plant (D:3)
10 creatures vanquished.

Grand Total: 93 creatures vanquished

Notes
Turn   | Place    | Note
-------+----------+-------------------------------------------
     0 | D:1      | ragingrage the Kobold Brigand began the quest for the Orb.
     0 | D:1      | Reached XP level 1. HP: 12/12 MP: 1/1
    91 | D:1      | Reached XP level 2. HP: 17/17 MP: 2/2
   588 | D:1      | Reached XP level 3. HP: 21/21 MP: 3/3
  1264 | D:2      | Found a faded altar of an unknown god.
  1579 | D:2      | Reached skill level 6 in Stealth
  1604 | D:2      | Reached XP level 4. HP: 26/26 MP: 4/4
  1641 | D:2      | Noticed Natasha
  1644 | D:2      | Killed Natasha
  1964 | D:2      | Reached XP level 5. HP: 29/30 MP: 5/5
  1996 | D:2      | Noticed Robin
  2226 | D:2      | Killed Robin
  2595 | D:2      | Noticed Natasha
  2605 | D:2      | Killed Natasha
  2831 | D:2      | Noticed Natasha
  2833 | D:2      | Killed Natasha
  2834 | D:2      | Reached skill level 7 in Stealth
  2834 | D:2      | Reached XP level 6. HP: 35/35 MP: 6/6
  3113 | D:3      | Reached skill level 5 in Short Blades
  3191 | D:3      | Noticed Ijyb
  3312 | D:3      | Noticed Terence
  3361 | D:2      | Killed Terence
  3420 | D:3      | Killed Ijyb
  3725 | D:3      | Found Denid's Antique Armour Shoppe.
  3733 | D:3      | You fall into a shaft and drop 3 floors!
  3916 | D:6      | Found a staircase to the Ecumenical Temple.
  3922 | Temple   | Entered the Ecumenical Temple
  3925 | Temple   | Found a transporter.
  3925 | Temple   | Found a transporter.
  3927 | Temple   | Found a transporter.
  3927 | Temple   | Found a transporter.
  3954 | Temple   | Became a worshipper of the Wu Jian Council
  4010 | D:6      | Reached XP level 7. HP: 22/40 MP: 7/7
  4312 | D:6      | Shot with a bolt by an orc warrior

Illustrated notes

Levels and vault maps discovered:
D:1:      ldierk_water_garden, layout_basic, supply_closet_lemuel,
          minmay_small_reverse_x
D:2:      layout_basic, dreamdust_ecumenical_altar_grove, skrybe_limestone_x,
          minmay_fractal_squares_5, uniq_natasha, uniq_robin
D:3:      layout_rooms, lemuel_doored_altar, nicolae_qazlal_style_of_elements,
          serial_undead, serial_undead_e, serial_undead_a, serial_undead_b,
          serial_undead_c, gammafunk_ghost_grave, serial_shops,
          nicolae_shop_behind_doors, minmay_misc_feat_tiny, uniq_terence,
          uniq_ijyb
D:6:      layout_basic, temple_pool_b, eino_curves_02, st_stairs_11,
          chequers_serial_rivers_large_a
Temple:   hellmonk_temple_divided_pantheon

Skill      XL: |  1  2  3  4  5  6 |
---------------+-------------------+-----
Short Blades   | 3 4 5 |  5.7
Throwing       | 3 4 |  4.8
Stealth        | 6 7 |  7.8
Fighting       | |  2.1
Dodging        | |  1.2

Action                   |  1- 3 |  4- 6 |  7- 9 || total
-------------------------+-------+-------+-------++-------
Melee: Dagger            |    73 |   193 |     3 ||   269
       Punch             |       |     4 |       ||     4
Throw: Dart              |     7 |     6 |     8 ||    21
Invok: Lunge             |       |     1 |       ||     1
 Stab: Sleeping          |    12 |     9 |       ||    21
       Distracted        |     1 |     2 |       ||     3
Armor: Robe              |     4 |    56 |       ||    60
Dodge: Dodged            |    25 |   117 |    10 ||   152

Table legend: (Time is in decaauts)
 A = Elapsed time spent in this place.
 B = Non-inter-level travel time spent in this place.
 C = Inter-level travel time spent in this place.
 D = Time resting spent in this place.
 E = Time spent auto-exploring this place.
 F = Levels seen in this place.
 G = Mean time per level.
                   A        B        C        D        E       F      G
               +--------+--------+--------+--------+--------+-----+--------+
         Total |   4265 |   4118 |    147 |   1059 |   2403 |   5 |  853.0 |
       Dungeon |   4214 |   4076 |    138 |   1059 |   2393 |   4 | 1053.5 |
        Temple |     50 |     41 |      9 |      0 |     10 |   1 |   50.0 |
               +--------+--------+--------+--------+--------+-----+--------+

Top non-repeatable levels by time:
     D:2: 2473 daAuts
     D:1: 889 daAuts
     D:6: 527 daAuts
     D:3: 324 daAuts
  Temple: 50 daAuts
